 Dungeon Crawl Stone Soup version 0.31-a0-788-ga445dbd2db (webtiles) character file.

Game seed: 7270622520255114439

2576 trollebol the Grappler (level 9, -7/85 HPs)
             Began as a Troll Berserker on Sept 18, 2023.
             Was an Elder of Trog.
             Mangled by an orc warrior
             ... wielding a +1 trident of venom
              (14 damage)
             ... on level 7 of the Dungeon.
             The game lasted 00:14:44 (4357 turns).

trollebol the Grappler (Troll Berserker)            Turns: 4357, Time: 00:14:44

Health: -7/85      AC:  5    Str: 33    XL:     9   Next: 32%
Magic:  8/8        EV: 11    Int:  5    God:    Trog [****..]
Gold:   205        SH:  0    Dex: 11    Spells: 8/8 levels left

rFire   . .          .
                       - Unarmed
rCold   . . .        (no shield)
rNeg    . . .        a - +0 animal skin
rPois   +            (helmet restricted)
rElec   .            w - +0 cloak
rCorr   .            (gloves unavailable)
SInv    .            (boots unavailable)
Will    .....        y - amulet of regeneration
Stlth   ++           i - ring of poison resistance
HPRegen 1.94/turn    l - +6 ring of strength
MPRegen 0.11/turn

%: no passive effects
@: lethally poisoned (-7 -> -8)
A: large, unfitting armour, claws 3, regeneration 1, shaggy fur 1, tough skin 1
a: Renounce Religion, Berserk, Trog's Hand, Brothers in Arms


You were on level 7 of the Dungeon.
You worshipped Trog.
Trog was greatly pleased with you.
You visited 1 branch of the dungeon, and saw 7 of its levels.

You collected 304 gold pieces.
You spent 99 gold pieces at shops.

Inventory:

Hand Weapons
 u - the +5 hammer "Sarcophage" {flame, rC+ Int-3 SInv}
   (You found it on level 5 of the Dungeon)

   Int-3:     It affects your intelligence (-3).
   rC+:       It protects you from cold.
   SInv:      It lets you see invisible.
Missiles
 p - 5 javelins
Armour
 a - a +0 animal skin (worn)
 w - a +0 cloak (worn)
Jewellery
 i - a ring of poison resistance (left claw)
 l - a +6 ring of strength (right claw)
 y - an amulet of regeneration (around neck)
 F - a ring of resist corrosion
 G - a ring of wizardry
 H - a +5 ring of evasion
 I - a +6 ring of dexterity
Wands
 g - a wand of paralysis (6)
 q - a wand of roots (10)
 x - a wand of light (8)
 C - a wand of flame (7)
Scrolls
 c - 4 scrolls of teleportation
 e - 2 scrolls of enchant weapon
 f - a scroll of fog {unknown}
 m - a scroll of blinking
 o - a scroll of fear {unknown}
 t - a scroll of torment {unknown}
 z - a scroll of immolation
 B - a scroll of vulnerability {unknown}
 E - a scroll of enchant armour {unknown}
Potions
 b - 3 potions of cancellation
 h - a potion of magic
 j - 2 potions of attraction
 k - a potion of invisibility {unknown}
 n - 4 potions of curing
 r - a potion of enlightenment
 s - a potion of ambrosia
 A - a potion of haste {unknown}
 D - a potion of might {unknown}


   Skills:
 * Level 4.4 Fighting
 * Level 5.3 Dodging
 * Level 2.3 Stealth
 * Level 10.1 Unarmed Combat


You had 8 spell levels left.
You didn't know any spells.
Your spell library was empty.

Dungeon Overview and Level Annotations

Branches:
Dungeon (7/15)             Temple (0/1) D:6

Altars:
Qazlal

Shops:
D:6 :   D:7 !


Innate Abilities, Weirdness & Mutations

You are too large for most types of armour.
You have claws for hands.
Your natural rate of healing is unusually fast.
You are covered in fur. (AC +1)
You have tough skin. (AC +1)


Message History

You miss something. Something hits you but does no damage.
The orc warrior closely misses you.
You release spores at something but do no damage.
You release spores at something!
Something hits you but does no damage.
The orc warrior hits you but does no damage.
Something hits you but does no damage.
The orc warrior hits you from afar with a +1 trident of venom!
You release spores at something!
Trog accepts your kill.
Trog appreciates your killing of a magic user.
Reactivating autopickup.
You feel a bit more experienced.
The orc warrior hits you from afar with a +1 trident of venom.
You release spores at the orc priest.
The orc priest is moderately wounded.
You stop sporulating.
Your +0 cloak unmelds from your body.
Your +0 animal skin unmelds from your body.
The orc priest hits you with a +0 club.
The orc warrior hits you from afar with a +1 trident of venom!
You mangle the orc priest!!
You kill the orc priest!
Trog accepts your kill.
The orc warrior hits you from afar with a +1 trident of venom!
* * * LOW HITPOINT WARNING * * *
You are poisoned.
You feel very sick. The orc warrior misses you.
Items here: )))) [[[ ††.
You completely miss the orc warrior.
You feel very sick.
You scratch the orc warrior but do no damage.
Your claw misses the orc warrior.
You feel very sick.
The orc warrior hits you with a +1 trident of venom.
* * * LOW HITPOINT WARNING * * *
You scratch the orc warrior but do no damage.
You feel very sick.
The orc warrior hits you with a +1 trident of venom!
You die...

....).....##.....#
###o..##
...)########..†.## #.##
....# #....# ..# ...##
#....# ./. ..## #....#
##. .####### #...>#
†###...### ####.##
..###....# #.o# #.#
##...# ##@# #.######.##
#.# ### #.<.# #..##
#.### #.. ###.#####..#
#...# #.# ...........#
###.###.#
###..###...#######...#.#
##.# ##.......####.#.#
## #.# ##..###.####.#.#
.###.# ##..........#|#


You could see an orc warrior.

Vanquished Creatures
  An ugly thing (D:7)
  Prince Ribbit (D:5)
  Sigmund (D:5)
  A steam dragon (D:7)
  A water moccasin (D:7)
  2 black bears
  2 ogres
  3 centaurs
  A kobold brigand (D:6)
  A bullfrog (D:7)
  4 scorpions
  3 hounds
  A jelly (D:4)
  3 orc priests
  A sleepcap (D:4)
  Crazy Yiuf (D:5)
  An orc wizard (D:7)
  3 iguanas
  5 gnolls
  9 adders
  2 white imps (D:7)
  2 ufetubi
  2 worms
  A dart slug (D:1)
  20 orcs
  8 ball pythons
  11 endoplasms
  2 giant cockroaches (D:1)
  6 goblins
  10 hobgoblins
  10 kobolds
  2 quokkas
  5 bats
  4 frilled lizards
  8 rats
138 creatures vanquished.

Notes
Turn   | Place    | Note
-------+----------+-------------------------------------------
     0 | D:1      | trollebol the Troll Berserker began the quest for the Orb.
     0 | D:1      | Reached XP level 1. HP: 22/22 MP: 0/0
   110 | D:1      | Reached XP level 2. HP: 29/29 MP: 1/1
   224 | D:1      | Reached XP level 3. HP: 36/36 MP: 2/2
   272 | D:1      | Reached ** piety under Trog
   648 | D:2      | Reached XP level 4. HP: 38/44 MP: 3/3
   669 | D:2      | Found a faded altar of an unknown god.
   688 | D:2      | Reached skill level 4 in Unarmed Combat
  1353 | D:3      | Reached XP level 5. HP: 53/53 MP: 4/4
  1682 | D:3      | Reached *** piety under Trog
  1725 | D:4      | Reached skill level 5 in Unarmed Combat
  1765 | D:4      | Found a stormy altar of Qazlal.
  1898 | D:4      | Reached XP level 6. HP: 60/61 MP: 5/5
  1927 | D:4      | Reached skill level 1 in Stealth
  2133 | D:5      | Entered Level 5 of the Dungeon
  2211 | D:5      | Reached skill level 6 in Unarmed Combat
  2362 | D:5      | Noticed Sigmund
  2369 | D:5      | Killed Sigmund
  2370 | D:5      | Reached XP level 7. HP: 56/67 MP: 6/6
  2499 | D:5      | Reached skill level 7 in Unarmed Combat
  2569 | D:5      | Identified the +5 hammer "Sarcophage" {flame, rC+ Int-3
                  | SInv}
  2579 | D:5      | Found a runed translucent door.
  2830 | D:5      | Noticed Prince Ribbit
  2835 | D:5      | Killed Prince Ribbit
  2836 | D:5      | Reached XP level 8. HP: 72/78 MP: 7/7
  3172 | D:5      | Noticed Crazy Yiuf
  3176 | D:5      | Killed Crazy Yiuf
  3177 | D:5      | Reached skill level 8 in Unarmed Combat
  3468 | D:6      | Found Xitsorph's Self-Published Books.
  3819 | D:6      | Found a staircase to the Ecumenical Temple.
  4046 | D:7      | Reached skill level 5 in Dodging
  4046 | D:7      | Reached skill level 9 in Unarmed Combat
  4107 | D:7      | Found Tioxuo's Distillery.
  4146 | D:7      | Bought a potion of curing for 33 gold pieces
  4146 | D:7      | Bought 2 potions of curing for 66 gold pieces
  4185 | D:7      | Reached **** piety under Trog
  4237 | D:7      | Noticed a white ugly thing
  4243 | D:7      | Reached XP level 9. HP: 65/84 MP: 8/8
  4248 | D:7      | Killed a white ugly thing
  4333 | D:7      | Reached skill level 10 in Unarmed Combat
  4357 | D:7      | Mangled by an orc warrior

Illustrated notes

Levels and vault maps discovered:
D:1:      grunt_arrival_crossed_arrows, layout_loops_ring, minivault_11,
          nicolae_grassy_gnolls
D:2:      layout_basic, shapermc_ecumenical_altar_starsandcircs
D:3:      layout_loops_ring, kennysheep_pointless_box
D:4:      layout_basic, amcnicky_altar_gilded
D:5:      layout_loops_corners, minmay_chambers_of_fives, uniq_prince_ribbit1,
          uniq_sigmund, uniq_crazy_yiuf_cottage
D:6:      layout_gridville, minmay_temple_entry_statues_fountains,
          nicolae_custom_books
D:7:      layout_rooms, serial_shops, shop, minmay_between

Skill      XL: |  1  2  3  4  5  6  7  8  9 |
---------------+----------------------------+-----
Unarmed Combat | 4 5 6 7 9 10 | 10.1
Fighting       | 3 4 |  4.4
Dodging        | 3 4 5 |  5.3
Stealth        | 1 2 |  2.3

Action                     |  1- 3 |  4- 6 |  7- 9 || total
---------------------------+-------+-------+-------++-------
  Melee: Unarmed           |    81 |   131 |   119 ||   331
         Punch             |     2 |     1 |     2 ||     5
    Use: Scroll            |       |     4 |     7 ||    11
         Potion            |       |       |     2 ||     2
   Stab: Sleeping          |       |       |     2 ||     2
 Armour: Animal skin       |    33 |    86 |    93 ||   212
         Skin              |       |       |    15 ||    15
  Dodge: Dodged            |    33 |    70 |    72 ||   175

Table legend: (Time is in decaauts)
 A = Elapsed time spent in this place.
 B = Non-inter-level travel time spent in this place.
 C = Inter-level travel time spent in this place.
 D = Time resting spent in this place.
 E = Time spent auto-exploring this place.
 F = Levels seen in this place.
 G = Mean time per level.
                   A        B        C        D        E       F      G
               +--------+--------+--------+--------+--------+-----+--------+
         Total |   4318 |   3935 |    383 |      4 |   2876 |   7 |  616.9 |
       Dungeon |   4318 |   3935 |    383 |      4 |   2876 |   7 |  616.9 |
               +--------+--------+--------+--------+--------+-----+--------+

Top non-repeatable levels by time:
     D:5: 1150 daAuts
     D:6: 737 daAuts
     D:3: 609 daAuts
     D:1: 607 daAuts
     D:2: 489 daAuts
     D:4: 411 daAuts
     D:7: 311 daAuts
